 Dungeon Crawl Stone Soup version 0.23.1 (webtiles) character file.

Game seed: 0

48409 Borgoz the Nimble (level 14, -7/121 HPs)
             Began as a Ghoul Monk on Mar 17, 2019.
             Was a High Priest of Ashenzari.
             Mangled by a yak (12 damage)
             ... on level 12 of the Dungeon.
             The game lasted 01:24:20 (29886 turns).

Borgoz the Nimble (Ghoul Monk)                     Turns: 29886, Time: 01:24:21

Health: -7/121     AC: 19    Str: 16    XL:     14   Next: 46%
Magic:  0/18       EV: 19    Int:  7    God:    Ashenzari [*****.]
Gold:   1026       SH:  0    Dex: 16    Spells: 17/20 levels left

rFire    + + .     SeeInvis +   b - +1 rapier (venom)
rCold    + . .     Gourm    .   (no shield)
rNeg     + + +     Faith    .   E - +2 ring mail {rF+}
rPois    ∞         Spirit   +   k - +1 helmet
rElec    .         Reflect  .   v - +1 cloak
rCorr    .         Harm     .   g - +1 pair of gloves
MR       +....     Clarity  +   i - +1 pair of boots
Stlth    +++.......             d - amulet of guardian spirit
HPRegen  0.00/turn              w - +3 ring of dexterity
MPRegen  0.16/turn              t - ring of protection from fire

@: rotting
A: rotting body, claws 1, carnivore, cold resistance 1, negative energy
resistance 3, inhibited regeneration, torment resistance, unbreathing
a: Curse Item, Scrying, Transfer Knowledge, Renounce Religion


You were on level 12 of the Dungeon.
You worshipped Ashenzari.
Ashenzari was extremely pleased with you.
You were not hungry.

You visited 3 branches of the dungeon, and saw 20 of its levels.
You also visited: Sewer, Bailey, Gauntlet and Volcano.

You collected 1026 gold pieces.

Inventory:

Hand Weapons
 a - a +2 dagger of speed
 b - a +1 rapier of venom (weapon)
 p - a +2 dagger of venom
 B - a +0 quick blade of flaming
Missiles
 h - 15 tomahawks (quivered)
Armour
 g - a +1 pair of gloves (worn)
 i - a +1 pair of boots (worn)
 j - a +1 chain mail of cold resistance
 k - a +1 helmet (worn)
 v - a +1 cloak (worn)
 x - the +11 plate armour "Omafao" {MR+}
   (You found it on level 8 of the Dungeon)

   It affects your resistance to hostile enchantments.
 E - a +2 ring mail of fire resistance (worn)
Jewellery
 d - an amulet of guardian spirit (around neck)
 e - an uncursed ring of stealth
 l - a +4 ring of intelligence
 t - a ring of protection from fire (right hand)
 w - a +3 ring of dexterity (left hand)
Wands
 q - a wand of paralysis (9)
 r - a wand of iceblast (21)
 z - a wand of digging (12)
 A - a wand of clouds (7)
Scrolls
 f - 2 scrolls of enchant armour
 m - 4 scrolls of identify
 o - 2 scrolls of magic mapping
 u - 4 scrolls of enchant weapon
 y - 7 scrolls of remove curse
 D - a scroll of amnesia
Potions
 n - 2 potions of resistance
Comestibles
 c - 45 rations


   Skills:
 + Level 10.2 Fighting
 * Level 11.7 Short Blades
 * Level 11.4 Armour
 * Level 11.7 Dodging
 + Level 6.0 Stealth
 - Level 3.7 Spellcasting
 + Level 4.9 Hexes


You had 17 spell levels left.
You knew the following spells:

 Your Spells              Type           Power        Failure   Level  Hunger
a - Confusing Touch       Hex            #.....       7%          1    ##.....
b - Blink                 Tloc           N/A          61%         2    ###....

Your spell library contained the following spells:

 Spells                   Type           Power        Failure   Level  Hunger
 Slow                     Hex            #.......     11%         2    ###....
 Confuse                  Hex            #.......     21%         3    ####...
 Magic Dart               Conj           #...         45%         1    ##.....
 Sting                    Conj/Pois      #...         45%         1    ##.....
 Call Imp                 Summ           #.......     61%         2    ###....
 Poisonous Vapours        Pois/Air       #.....       61%         2    ###....
 Conjure Flame            Conj/Fire      #.......     83%         3    ####...
 Gell's Gravitas          Tloc           #.........   83%         3    ####...
 Mephitic Cloud           Conj/Pois/Air  #.......     83%         3    ####...
 Olgreb's Toxic Radiance  Pois           #.......     99%         4    #####..
 Petrify                  Tmut/Erth      #.......     99%         4    #####..
 Metabolic Englaciation   Hex/Ice        #.........   99%         5    ######.
 Yara's Violent Unravell  Hex/Tmut       #.........   99%         5    ######.
 Venom Bolt               Conj/Pois      #.........   100%        5    ######.
 Freezing Cloud           Conj/Ice/Air   #.........   100%        6    #######
 Ring of Flames           Chrm/Fire      #.........   100%        7    #######


Dungeon Overview and Level Annotations

Branches:
Dungeon (13/15)            Temple (1/1) D:7            Lair (6/6) D:10
  Swamp (0/4) Lair:2       Spider (0/4) Lair:3        Slime (0/5) Lair:6
    Orc: D:9-12      Vaults: D:13-14

Altars:
Ashenzari
Cheibriados
Dithmenos
Elyvilon
Fedhas
Gozag
Hepliaklqana
Kikubaaqudgha
Makhleb
Nemelex Xobeh
Okawaru
Qazlal
Ru
Sif Muna
Trog
Uskayaw
Vehumet
Wu Jian
Xom
Yredelemnul
Zin
The Shining One
Jiyva

Shops:
D:10 *

Annotations:
Lair:4 1 runed translucent door, Monsterracer's ghost, journeyman HuWz


Innate Abilities, Weirdness & Mutations

Your body is rotting away.
You thrive on raw meat.
You are immune to poison.
You have sharp fingernails.
You are carnivorous and can eat meat at any time.
Your flesh is cold resistant. (rC+)
You are immune to negative energy. (rN+++)
You do not regenerate when monsters are visible.
You are immune to unholy pain and torment.
You can survive without breathing.


Message History

The wight is heavily damaged.
The centaur warrior skeleton barely misses you.
You puncture the centaur warrior skeleton!
The centaur warrior skeleton is severely damaged.
The centaur warrior skeleton hits you but does no damage.
The wight closely misses you. The wight barely misses you.
You hit the centaur warrior skeleton.
The centaur warrior skeleton is almost destroyed.
The centaur warrior skeleton hits you but does no damage.
The wight barely misses you.
You puncture the centaur warrior skeleton!
You destroy the centaur warrior skeleton!
The wight hits you but does no damage.
You hit the yak but do no damage.
The yak is poisoned.
The wight hits you with a cursed +3 short sword.
* * * LOW HITPOINT WARNING * * *
You hit the yak.
The yak looks as sick as possible!
The yak is lightly wounded.
The wight closely misses you. The yak gores you!
You die...

##..#.####...... *####'##.#...#
...)#{{†.........,#.......#.#.##,
.(z{{){.)(.#### ..#.......#)..÷#.
...{#{###..?# #.................
....{{{##{..# ###.......####....
⌠..YY#{##...# #.......# ###.#
..⌠≈...##(..# #.......### #..
...≈.#.##(..#######.###....# ###
(.⌠....##c..##Yz@(#..##.##.# #
)._.z..##..(##z##Y#.....##.######
.#≈.#...'...(.?.{YW..............
!..##...#.....(####....#.#.######
c.##(..#.....#(<(........#,# ** #
W.u⌠#(....(..#########.#.#,,,
.4(.(........')... , ..#.# * **
...#####.....##### *..#.., ,,,
#### #.....#* **** ...,*.* , ,


You could see 3 yaks, a wraith and 2 wights.

Vanquished Creatures
  Kirke (D:13)
  A fire dragon (Volcano)
  2 hydras
  A centaur warrior (D:13)
  Erica (Lair:2)
  A catoblepas (Lair:3)
  A hell hog (Volcano)
  3 two-headed ogres
  An unseen horror (D:11)
  A lindwurm (Lair:6)
  Pikel (D:6)
  The ghost of Iflex the Spear-Bearer, a novice MfGl of Ashenzari (D:7)
  4 manticores
  2 cyclopes
  4 ugly things
  3 elephants
  5 black mambas
  2 gargoyles
  A molten gargoyle (Lair:6)
  5 spiny frogs
  A centaur skeleton (D:12)
  A torpor snail (Lair:6)
  4 rime drakes
  A demonic crawler (Lair:3)
  4 komodo dragons
  Grinder (D:3)
  2 slime creatures (Gauntlet)
  8 blink frogs
  7 hippogriffs
  6 spriggans (D:11)
  5 wyverns
  A human (D:11)
  6 basilisks
  The ghost of Curus the Chopper, an amateur HOAK of Lugonu (D:3)
  37 yaks
  11 fire bats
  2 steam dragons (Volcano)
  5 hogs
  3 hungry ghosts
  3 vampire mosquitoes (Lair:2)
  A chaos spawn (D:12)
  An acid dragon (Gauntlet)
  Duvessa (D:4)
  2 hell hounds
  11 water moccasins
  4 orc warriors
  6 porcupines
  A slave (D:6)
  2 ice beasts
  3 necrophages
  An eye of draining (D:8)
  2 black bears
  2 sky beasts
  An ogre (D:6)
  18 wolves
  5 phantoms
  17 centaurs
  11 crocodiles
  7 big kobolds
  20 bullfrogs
  A gnoll sergeant (D:4)
  Dowan (D:4)
  A water moccasin zombie (D:8)
  2 wyvern skeletons
  A water moccasin skeleton (D:11)
  3 scorpions
  10 wights
  2 howler monkeys
  4 crimson imps
  A bullfrog zombie (D:13)
  7 hounds
  8 lava snakes
  18 orc wizards
  4 jellies
  8 orc priests
  6 iguanas
  Crazy Yiuf (D:7)
  Jessica (D:3)
  Ijyb (D:3)
  Natasha (thrice) (D:2)
  6 worker ants
  A hound skeleton (D:5)
  Robin (D:4)
  18 gnolls
  2 river rats (D:4)
  24 adders
  4 shadow imps
  6 oozes
  An adder zombie (D:5)
  2 adder skeletons
  7 worms
  2 dart slugs (D:1)
  4 leopard geckos
  38 orcs
  9 giant cockroaches
  8 hobgoblins
  17 jackals
  10 quokkas
  4 ball pythons
  8 bats
  4 frilled lizards
  16 goblins
  18 kobolds
  A leopard gecko skeleton (D:5)
  2 leopard gecko zombies (D:7)
  2 quokka skeletons
  A quokka zombie (D:5)
  12 rats
577 creatures vanquished.

Vanquished Creatures (others)
  2 humans (D:13)
  An orc priest (D:13)
  2 orcs (D:12)
  21 fungi
  12 plants
38 creatures vanquished.

Grand Total: 615 creatures vanquished

Notes
Turn   | Place    | Note
-------+----------+-------------------------------------------
     0 | D:1      | Borgoz the Ghoul Monk began the quest for the Orb.
     0 | D:1      | Reached XP level 1. HP: 19/19 MP: 0/0
   292 | D:1      | Reached XP level 2. HP: 23/26 MP: 1/1
   345 | D:1      | Found an iron altar of Okawaru.
   659 | D:1      | Reached skill level 1 in Armour
   659 | D:1      | Reached XP level 3. HP: 24/31 MP: 2/2
  1334 | D:2      | Found an ornate altar of the Wu Jian Council.
  1413 | D:2      | Reached XP level 4. HP: 32/38 MP: 3/3
  1571 | D:2      | Noticed Natasha
  1578 | D:2      | Killed Natasha
  1848 | D:3      | Reached XP level 5. HP: 40/46 MP: 4/4
  1856 | D:3      | Found a runed translucent door.
  1896 | D:3      | Found a deep blue altar of Sif Muna.
  1921 | D:3      | Noticed Curus's ghost (amateur HOAK)
  2231 | D:3      | Noticed Grinder
  2246 | D:2      | HP: 1/46 [gnoll (7)]
  2325 | D:2      | Noticed Natasha
  3118 | D:3      | Noticed Ijyb
  3130 | D:3      | Noticed Jessica
  3203 | D:3      | Killed Ijyb
  3203 | D:3      | Reached XP level 6. HP: 20/52 MP: 2/5
  3210 | D:3      | Killed Jessica
  3493 | D:4      | Noticed Duvessa
  3524 | D:4      | Noticed Robin
  3617 | D:3      | Paralysed by Grinder for 7 turns
  3712 | D:4      | Found a glowing drain.
  3723 | Sewer    | Entered a sewer
  3937 | Sewer    | Reached XP level 7. HP: 47/59 MP: 6/6
  4743 | Sewer    | Reached XP level 8. HP: 41/67 MP: 6/8
  5224 | D:2      | Killed Natasha
  5224 | D:2      | Reached skill level 1 in Spellcasting
  5426 | D:2      | Noticed Natasha
  5435 | D:2      | Killed Natasha
  5615 | D:4      | Killed Robin
  5691 | D:4      | Noticed Dowan
  5775 | D:4      | HP: 3/67 [Duvessa/+0 short sword (1)]
  5779 | D:5      | Entered Level 5 of the Dungeon
  6201 | D:5      | Reached skill level 5 in Dodging
  6250 | D:5      | Reached skill level 5 in Short Blades
  7011 | D:5      | Reached skill level 5 in Fighting
  7457 | D:6      | Noticed Pikel
  7555 | D:6      | Reached XP level 9. HP: 65/72 MP: 8/10
  7579 | D:6      | Reached skill level 5 in Stealth
  7795 | D:6      | Killed Pikel
  7795 | D:6      | Reached skill level 5 in Armour
  8501 | D:7      | Found a staircase to the Ecumenical Temple.
  8559 | Temple   | Entered the Ecumenical Temple
  8567 | Temple   | Became a worshipper of Ashenzari the Shackled
  8567 | Temple   | Reached * piety under Ashenzari
  8567 | Temple   | Reached ** piety under Ashenzari
  9795 | D:4      | Killed Duvessa
  9805 | D:4      | Killed Dowan
  9805 | D:4      | Reached XP level 10. HP: 16/83 MP: 4/13
 10333 | D:3      | Killed Curus's ghost
 10855 | D:3      | Killed Grinder
 11372 | D:7      | Found a runed translucent door.
 11398 | D:7      | Found a runed translucent door.
 11399 | D:7      | Noticed Crazy Yiuf
 11680 | D:7      | Noticed Iflex's ghost (novice MfGl)
 11714 | D:7      | Killed Crazy Yiuf
 12477 | D:9      | Found a bloodstained altar of Trog.
 12961 | D:8      | Found a sparkling altar of Nemelex Xobeh.
 12961 | D:8      | Found a radiant altar of Vehumet.
 13021 | D:8      | Noticed a two-headed ogre
 13035 | D:8      | Killed a two-headed ogre
 13161 | D:8      | Got the uncursed plate armour "Omafao" {MR+}
 13331 | D:8      | Identified the +11 plate armour "Omafao" {MR+} (You found
                  | it on level 8 of the Dungeon)
 13440 | D:7      | Killed Iflex's ghost
 13440 | D:7      | Reached XP level 11. HP: 77/92 MP: 11/15
 14395 | D:10     | Entered Level 10 of the Dungeon
 14512 | D:10     | Found a staircase to the Lair.
 14521 | D:10     | Reached *** piety under Ashenzari
 15077 | D:10     | Found Ycush's General Store.
 15414 | Lair:1   | Entered Level 1 of the Lair of Beasts
 15520 | Lair:1   | Found a gate leading to a gauntlet.
 15539 | Gauntlet | Entered a Gauntlet
 15539 | Gauntlet | Found a transporter.
 15539 | Gauntlet | Found a transporter.
 15539 | Gauntlet | Noticed a catoblepas
 15539 | Gauntlet | Noticed an oklob plant
 15540 | Gauntlet | Found a transporter.
 15540 | Gauntlet | Found a transporter.
 15544 | Gauntlet | Found a transporter.
 15544 | Gauntlet | Found a transporter.
 15553 | Gauntlet | Noticed a moth of wrath
 15554 | Gauntlet | Found a transporter.
 15558 | Gauntlet | Found a transporter.
 15566 | Gauntlet | Noticed a death ooze
 15569 | Gauntlet | Identified the amulet of Lawayduu {Spirit rElec rC+ MR+
                  | Slay+3}
 15570 | Gauntlet | Found a transporter.
 15669 | Gauntlet | Found a transporter.
 15673 | Gauntlet | Found a transporter.
 15683 | Gauntlet | Found a transporter.
 17503 | Gauntlet | Noticed a minotaur
 19205 | Lair:1   | Reached **** piety under Ashenzari
 19555 | Lair:2   | Learned a level 1 spell: Confusing Touch
 20077 | Lair:2   | Reached XP level 12. HP: 55/100 MP: 14/16
 20278 | Lair:2   | Reached skill level 1 in Hexes
 20282 | Lair:2   | Identified a scroll of acquirement
 20284 | Lair:2   | Got the cursed dire flail of the Beast {crush, rC- rN+++
                  | Str+5 Stlth+}
 20296 | Lair:2   | Found a staircase to the Swamp.
 20912 | Lair:2   | Noticed Erica
 20945 | Lair:2   | Killed Erica
 21815 | Lair:3   | Noticed a catoblepas
 21925 | Lair:3   | Killed a catoblepas
 22539 | Lair:3   | Found a hole to the Spider Nest.
 22777 | Lair:3   | Reached skill level 10 in Dodging
 22887 | Lair:3   | Reached skill level 10 in Short Blades
 23389 | Lair:4   | Noticed a seven-headed hydra
 23408 | Lair:4   | Killed a seven-headed hydra
 24009 | Lair:4   | Reached XP level 13. HP: 55/110 MP: 13/17
 24055 | Lair:4   | Found a runed translucent door.
 24055 | Lair:4   | Noticed Monsterracer's ghost (journeyman HuWz)
 24198 | Lair:4   | Reached skill level 10 in Armour
 24347 | Lair:6   | Entered Level 6 of the Lair of Beasts
 24353 | Lair:6   | Learned a level 2 spell: Blink
 24439 | Lair:6   | Found a dark tunnel.
 24487 | Volcano  | Entered a volcano
 24944 | Volcano  | Noticed a fire dragon
 24971 | Volcano  | Killed a fire dragon
 25126 | Volcano  | Found a burning altar of Makhleb.
 25184 | Lair:6   | Found a viscous altar of Jiyva.
 25184 | Lair:6   | Found a staircase to the Slime Pits.
 25500 | Lair:6   | Noticed a fire dragon
 25907 | Lair:5   | Reached ***** piety under Ashenzari
 26925 | D:11     | Paralysed by a human for 3 turns
 27399 | D:11     | Reached XP level 14. HP: 104/119 MP: 16/18
 28795 | D:12     | Reached skill level 10 in Fighting
 29142 | D:12     | Found the +7 mace of Variability {chain chaos}
 29142 | D:12     | Found a shimmering altar of Xom.
 29307 | D:13     | Found a flagged portal.
 29343 | Bailey   | Entered a bailey
 29621 | D:13     | Noticed Kirke
 29662 | D:13     | Killed Kirke
 29692 | D:13     | HP: 6/121 [yak (4)]
 29850 | D:12     | HP: 6/121 [centaur/cursed -2 shortbow (1)]
 29885 | D:12     | HP: 5/121 [wight/cursed +3 short sword (5)]
 29886 | D:12     | Mangled by a yak

Skill      XL: |  1  2  3  4  5  6  7  8  9 10 11 12 13 14 |
---------------+-------------------------------------------+-----
Short Blades   | 3 4 5 6 8 9 10 11 | 11.7
Armour         | 1 2 3 4 6 7 8 9 11 | 11.4
Dodging        | 3 4 5 6 8 9 10 11 | 11.7
Stealth        | 3 4 5 6 |  6.0
Fighting       | 4 5 6 7 8 9 10 | 10.2
Spellcasting   | 1 2 3 |  3.7
Hexes          | 3 4 |  4.9

Action                   |  1- 3 |  4- 6 |  7- 9 | 10-12 | 13-15 || total
-------------------------+-------+-------+-------+-------+-------++-------
Melee: Short sword       |   140 |   201 |       |       |       ||   341
       Dagger            |       |   265 |  1202 |  3444 |   162 ||  5073
       Rapier            |       |       |       |       |  1305 ||  1305
Throw: Tomahawk          |       |       |     5 |       |       ||     5
 Cast: Confusing Touch   |       |       |       |       |     4 ||     4
       Blink             |       |       |       |       |     1 ||     1
Evoke: Wand              |       |       |     4 |    30 |     7 ||    41
  Use: Scroll            |     4 |     2 |     5 |    12 |     5 ||    28
       Potion            |       |     5 |     6 |    10 |     4 ||    25
 Stab: Sleeping          |     3 |     7 |     7 |     1 |     1 ||    19
       Confused          |       |       |     1 |     2 |     6 ||     9
       Paralysed         |       |       |       |     1 |       ||     1
  Eat: Chunk             |    15 |    53 |    34 |   104 |    87 ||   293
       Ration            |       |     1 |       |     2 |       ||     3
Armor: Robe              |    22 |    44 |    15 |       |       ||    81
       Leather armour    |       |       |    90 |       |       ||    90
       Scale mail        |       |       |       |   151 |       ||   151
       Plate armour      |       |       |       |  1087 |   406 ||  1493
       Ring mail         |       |       |       |       |   280 ||   280
Dodge: Dodged            |    83 |   227 |   410 |   871 |  1008 ||  2599
